 Dungeon Crawl Stone Soup version 0.26-a0-597-gb535b0901c (webtiles) character file.

Game seed: 2536360866129148114

38 Lanoc the Chopper (level 3, -2/42 HPs)
             Began as a Formicid Gladiator on Sept 5, 2020.
             Slain by a worker ant (3 damage)
             ... on level 3 of the Dungeon.
             The game lasted 00:01:11 (167 turns).

Lanoc the Chopper (Formicid Gladiator)               Turns: 167, Time: 00:01:11

Health: -2/42      AC: 21    Str: 18    XL:     3   Next: 65%
Magic:  3/3        EV:  2    Int:  7    God:
Gold:   0          SH:  0    Dex: 13    Spells: 2/2 levels left

rFire    . . .     SeeInvis .   a - +0 war axe
rCold    . . .     Faith    .   (no shield)
rNeg     + + +     Spirit   .   (armour currently unavailable)
rPois    +         Reflect  .   (helmet unavailable)
rElec    .         Harm     .   (cloak currently unavailable)
rCorr    .                      (gloves currently unavailable)
MR       .....                  (boots currently unavailable)
Stlth    +.........             (no amulet)
HPRegen  0.14/turn              (no ring)
MPRegen  0.08/turn              (no ring)

@: tree-form
A: permanent stasis, dig shafts and tunnels, four strong arms
a: no special abilities


You were on level 3 of the Dungeon.
You were a tree.
You visited 1 branch of the dungeon, and saw 3 of its levels.

Inventory:

Hand Weapons
 a - a +0 war axe (weapon)
Armour
 b - a +0 leather armour (melded)


   Skills:
 + Level 2.6 Fighting
 * Level 3.6 Axes
 - Level 2.0 Throwing
 + Level 1.2 Armour
 + Level 3.0 Dodging


You had 2 spell levels left.
You didn't know any spells.
Your spell library was empty.

Dungeon Overview and Level Annotations

Branches:
Dungeon (3/15)

Altars:


Innate Abilities, Weirdness & Mutations

You cannot be hasted, slowed, berserked, paralysed or teleported.
You can dig through walls and to a lower floor.
Your four strong arms can wield two-handed weapons with a shield.
((You have a pair of large antennae on your head. (SInv)))


Message History

The throwing net barely misses the worker ant.
The throwing net barely misses the worm.
The worker ant bites you but does no damage.
You are too injured to fight recklessly!
You aren't carrying any scrolls.
You barely miss the worker ant.
You feel sick. The worker ant bites you.
* * * LOW HITPOINT WARNING * * *
You slash the worker ant!
The worker ant is heavily wounded.
The worker ant bites you but does no damage. x2
You barely miss the worker ant.
The worker ant is heavily wounded.
The worker ant bites you but does no damage.
You hit the worker ant.
The worker ant is severely wounded.
* * * LOW HITPOINT WARNING * * *
You feel sick.
You are no longer poisoned.
The worker ant bites you.
You die...

## { .. # #. #.
.# #..###. #.#
#....#.####.(#.#.
#.(..†(...).....
###?.†....###.#
#.....aw#
#....♣..#
#....†....+
#....$..###
#.......#
#######.# .. ...
####


You could see a worm and a worker ant.

Vanquished Creatures
  Jessica (D:2)
  A leopard gecko (D:3)
  A giant cockroach (D:2)
  3 goblins
  A kobold (D:3)
  2 ball pythons
  A bat (D:3)
  A frilled lizard (D:3)
11 creatures vanquished.

Notes
Turn   | Place    | Note
-------+----------+-------------------------------------------
     0 | D:1      | Lanoc the Formicid Gladiator began the quest for the Orb.
     0 | D:1      | Reached XP level 1. HP: 16/16 MP: 1/1
   108 | D:2      | Noticed Jessica
   114 | D:2      | Killed Jessica
   114 | D:2      | Reached skill level 1 in Armour
   114 | D:2      | Reached XP level 2. HP: 22/23 MP: 2/2
   114 | D:2      | Reached XP level 3. HP: 27/28 MP: 3/3
   164 | D:3      | HP: 2/42 [poisoned by a kobold]
   167 | D:3      | Slain by a worker ant

Illustrated notes

Levels and vault maps discovered:
D:1:      dpeg_arrival_simpleton_b, layout_loops_ring, st_stairs_1
D:2:      layout_loops_corners, uniq_crazy_yiuf_cottage, uniq_jessica,
          uniq_robin
D:3:      layout_basic, nemelex_altar_shiori, lemuel_doored_altar, uniq_grinder,
          uniq_sigmund

Skill      XL: |  1  2  3 |
---------------+----------+-----
Armour         | 1 |  1.2
Dodging        | 3 |  3.0
Fighting       | |  2.6
Axes           | |  3.6
Throwing       | |  2.0

Action                   || total
-------------------------++-------
Melee: War axe           ||    23
Throw: Throwing net      ||     3
  Use: Potion            ||     1
Armor: Leather armour    ||     7
       Skin              ||     6
Dodge: Dodged            ||    13

Table legend: (Time is in decaauts)
 A = Elapsed time spent in this place.
 B = Non-inter-level travel time spent in this place.
 C = Inter-level travel time spent in this place.
 D = Time resting spent in this place.
 E = Time spent auto-exploring this place.
 F = Levels seen in this place.
 G = Mean time per level.
                   A        B        C        D        E       F      G
               +--------+--------+--------+--------+--------+-----+--------+
         Total |    173 |    173 |      0 |     14 |     86 |   3 |   57.7 |
       Dungeon |    173 |    173 |      0 |     14 |     86 |   3 |   57.7 |
               +--------+--------+--------+--------+--------+-----+--------+

Top non-repeatable levels by time:
     D:2: 115 daAuts
     D:3: 46 daAuts
     D:1: 11 daAuts
